 Dungeon Crawl Stone Soup version 0.29-a0-459-g97dee8cd24 (webtiles) character file.

Game seed: 10705454520427554568

7209 WrathWritWry the Fighter (level 10, -2/89 HPs)
             Began as a Demonspawn Brigand on May 20, 2022.
             Was an Initiate of Ashenzari.
             Shot with an arrow by a centaur warrior (7 damage)
             ... on level 9 of the Dungeon.
             The game lasted 00:14:56 (10760 turns).

WrathWritWry the Fighter (Demonspawn Brigand)      Turns: 10760, Time: 00:14:57

Health: -2/89      AC: 18    Str: 12    XL:     10   Next: 87%
Magic:  19/19      EV: 19    Int: 14    God:    Ashenzari [......]
Gold:   597        SH:  5    Dex: 20    Spells: 21/21 levels left

rFire   + . .      SeeInvis +   i - +9 short sword of Grandeur {protect, rC+ Will+ Int-3 SInv}
rCold   + + .      Faith    .   (no shield)
rNeg    . . .      Spirit   .   D - +0 steam dragon scales
rPois   +          Reflect  +   q - +0 helmet
rElec   +          Harm     .   c - +0 cloak
rCorr   +          Rampage  .   p - +0 pair of gloves
Will    +....                   E - +0 pair of boots
Stlth   +++.......              P - amulet of Ashenzari's Sun {Reflect SH+5, Self, Fort} (curse)
HPRegen 0.24/turn               B - +6 ring of dexterity
MPRegen 0.16/turn               C - +4 ring of evasion

@: resistant, under a protective aura
A: hooves 2, slimy green scales 1, foul stench 2, demonic magic 1
a: Renounce Religion, Shatter the Chains


You were on level 9 of the Dungeon.
You worshipped Ashenzari.
Ashenzari was noncommittal.
You visited 2 branches of the dungeon, and saw 10 of its levels.
You also visited: Bailey.

You collected 687 gold pieces.
You spent 90 gold pieces at shops.

Inventory:

Hand Weapons
 a - a +2 dagger
 i - the +9 short sword of Grandeur (weapon) {protect, rC+ Will+ Int-3 SInv}
   (You found it on level 2 of the Dungeon)

   It grants its wielder temporary protection when it strikes (+7 to AC).
   Int:       It affects your intelligence (-3).
   rC:        It protects you from cold.
   SInv:      It lets you see invisible.
   Will:      It increases your willpower.
 F - a +3 dagger
   (You took it off a wight on level 6 of the Dungeon)
 J - a +2 long sword of flaming
   (You found it on level 7 of the Dungeon)
Missiles
 d - 16 poisoned darts (quivered)
 e - 2 curare-tipped darts {!f}
 G - a throwing net {!f}
Armour
 c - a +0 cloak (worn)
 p - a +0 pair of gloves (worn)
   (You found it on level 2 of the Dungeon)
 q - a +0 helmet (worn)
   (You found it on level 4 of the Dungeon)
 D - +0 steam dragon scales (worn)
   (You took it off Maggie on level 6 of the Dungeon)
 E - a +0 pair of boots (worn)
   (You found it on level 6 of the Dungeon)
 Q - +0 acid dragon scales
   (You found it on level 9 of the Dungeon)
 R - the +10 plate armour of the Sturgeon {Int+8}
   (You found it on level 9 of the Dungeon)

   Int:       It affects your intelligence (+8).
Jewellery
 u - a ring of ice
   (You found it on level 4 of the Dungeon)
 z - a ring of see invisible
   (You found it on level 8 of the Dungeon)
 B - a +6 ring of dexterity (left hand)
   (You found it on level 6 of the Dungeon)
 C - a +4 ring of evasion (right hand)
   (You found it on level 6 of the Dungeon)
 P - the cursed amulet of Ashenzari's Sun (around neck) {Reflect SH+5, Self, Fort}
   (You found it on level 8 of the Dungeon)

   [amulet of reflection]

   It reflects blocked missile attacks.
   SH:        It affects your SH (+5).
   It has a curse which improves the following skills: Introspection: Fighting
   and Spellcasting.
   Fortitude: Armour and Shields.
Wands
 v - a wand of digging (3)
   (You found it on level 4 of the Dungeon)
 x - a wand of acid (2)
   (You took it off Ijyb on level 4 of the Dungeon)
Scrolls
 b - a scroll of acquirement
 g - 4 scrolls of noise {!r}
 h - 2 scrolls of enchant armour {unknown}
 k - 6 scrolls of identify {unknown}
 l - 4 scrolls of fog {unknown}
 r - a scroll of amnesia {unknown}
 s - a scroll of enchant weapon {unknown}
 A - a scroll of torment {unknown}
 H - 2 scrolls of magic mapping {unknown}
 I - 4 scrolls of teleportation {unknown}
 K - 4 scrolls of fear {unknown}
 M - 3 scrolls of brand weapon {unknown}
Potions
 f - 3 potions of mutation {unknown}
 j - 3 potions of heal wounds {unknown}
 m - 2 potions of cancellation {unknown}
 n - 2 potions of resistance
 o - 2 potions of berserk rage {unknown}
 t - 9 potions of curing {@q1}
 w - a potion of brilliance {unknown}
 y - 3 potions of magic {unknown}
 L - a potion of invisibility {unknown}
 N - 2 potions of lignification {!q}
 O - a potion of degeneration {unknown}


   Skills:
 - Level 11.6(12.0) Fighting
 - Level 5.0 Short Blades
 - Level 5.0 Throwing
 - Level 5.0 Dodging
 - Level 4.0 Stealth
 - Level 5.6(6.0) Spellcasting
 + Level 5.0 Evocations


You had 21 spell levels left.
You didn't know any spells.
Your spell library contained the following spells:

 Spells                   Type           Power      Damage    Failure   Level
 Apportation              Tloc           8%         N/A       16%         1
 Necrotize                Necr           16%        1d4       16%         1
 Summon Small Mammal      Summ           16%        N/A       16%         1
 Ensorcelled Hibernation  Hex/Ice        8%         N/A       24%         2
 Spider Form              Tmut/Pois      4%         N/A       43%         3
 Anguish                  Hex/Necr       2%         N/A       83%         4


Dungeon Overview and Level Annotations

Branches:
Dungeon (9/15)             Temple (1/1) D:7            Lair (0/6) D:8
    Orc (0/2) D:9          Bailey (visited)

Altars:
Ashenzari
Dithmenos
Elyvilon
Gozag
Kikubaaqudgha
Nemelex Xobeh
Qazlal
Ru
Uskayaw

Shops:
D:2 (   D:6 *   D:8 !

Annotations:
D:3 2 transporters, fingers's ghost, weakling OgBe


Innate Abilities, Weirdness & Mutations

You have hoof-like feet.
You are partially covered in slimy green scales. (AC +2)
You sometimes emit foul miasma when damaged in melee.
Spells you cast may paralyse adjacent enemies.


Message History

The efreet hits you with a +4 scimitar of flaming!
The efreet burns you.
You hit the efreet. You block the efreet's attack.
You hit the efreet.
The efreet hits you with a +4 scimitar of flaming!
* * * LOW HITPOINT WARNING * * *
The efreet burns you.
* * * LOW HITPOINT WARNING * * *
You hit the efreet but do no damage. The efreet misses you.
Unknown command.
You hit the efreet.
Unknown command.
Aim: a centaur warrior (81% to hit)
The bolt of acid hits the efreet!!
The bolt of acid hits the centaur warrior!
The acid corrodes the centaur warrior!
The efreet gestures at you.
The fireball explodes!
The fireball engulfs you!
* * * LOW HITPOINT WARNING * * *
The fireball engulfs the efreet.
The efreet completely resists.
Unknown command.
You hit the efreet.
You kill the efreet!
Training target 12.0 for Fighting reached!
You need to enable at least one skill for training.
Okay, then.
It was a potion of resistance.
You feel protected.
The centaur warrior wields a +0 shortbow.
The centaur warrior shoots an arrow.
The arrow hits you!
* * * LOW HITPOINT WARNING * * *
You block the centaur warrior's attack.
The centaur warrior kicks you but does no damage.
The centaur warrior shoots an arrow.
The arrow hits you!
* * * LOW HITPOINT WARNING * * *
Okay, then.
Okay, then.
Okay, then.
As you read the scroll labelled LANEYJ XAYLER, it crumbles to dust.
You hear a loud clanging noise!
It was a scroll of noise.
You hear a shout! x2
The centaur warrior barely misses you. You block the centaur warrior's attack.
The centaur warrior shoots an arrow.
The arrow hits you.
* * * LOW HITPOINT WARNING * * *
The centaur warrior hits you but does no damage.
The centaur warrior closely misses you.
The centaur warrior wields a +0 shortbow.
The centaur warrior shoots an arrow.
The arrow hits you!
You die...

### . ##.## .. ....#
######... ...## #....R○.H
..##### #.....c.C #.###.##
#H☼.....c ...#...# ##
#c### ...##.## ##.##c..#
..###..## ...#..@##
.#......# #..##...##
........###...#....##
.........##.........#
........####.....#..##
.........##.##.......#
.#...#..............###
....)###.##.......##..###
...)......##......).....##


You could see 2 centaur warriors and a manticore.

Vanquished Creatures
  An orc warlord (Bailey)
  An orc knight (Bailey)
  Joseph (D:7)
  Maggie (D:6)
  An efreet (D:9)
  A troll (D:9)
  6 yaks
  A steam dragon (D:7)
  An acid dragon (D:9)
  A water moccasin (D:7)
  11 orc warriors
  2 black bears
  2 centaurs
  A phantom (D:5)
  An ogre (D:4)
  A kobold brigand (D:8)
  3 bullfrogs
  A gnoll sergeant (D:8)
  2 scorpions (D:7)
  3 wights (D:6)
  3 killer bees
  4 hounds
  2 jellies
  5 orc priests
  2 gnoll shamans
  Ijyb (D:4)
  Crazy Yiuf (D:2)
  Jessica (D:2)
  5 iguanas
  11 orc wizards
  6 adders
  28 gnolls
  A shadow imp (D:6)
  2 white imps
  2 worms (D:2)
  7 dart slugs
  45 orcs
  5 ball pythons
  5 bats
  8 endoplasms
  6 giant cockroaches
  19 goblins
  12 hobgoblins
  7 jackals (D:1)
  3 quokkas
  A frilled lizard (D:2)
  11 kobolds
  A rat (D:1)
246 creatures vanquished.

Notes
Turn   | Place    | Note
-------+----------+-------------------------------------------
     0 | D:1      | WrathWritWry the Demonspawn Brigand began the quest for the
                  | Orb.
     0 | D:1      | Reached XP level 1. HP: 16/16 MP: 1/1
   123 | D:1      | Gained mutation: You have large cloven feet. [demonic
                  | ancestry]
   123 | D:1      | Reached XP level 2. HP: 22/22 MP: 2/2
   633 | D:1      | Gained mutation: You may rarely emit foul miasma when
                  | damaged in melee. [demonic ancestry]
   633 | D:1      | Reached XP level 3. HP: 14/27 MP: 3/3
   947 | D:1      | Found a faded altar of an unknown god.
  1381 | D:2      | Noticed Jessica
  1388 | D:2      | Killed Jessica
  1389 | D:2      | Reached skill level 3 in Fighting
  1389 | D:2      | Gained mutation: You have hoof-like feet. [demonic
                  | ancestry]
  1389 | D:2      | Reached XP level 4. HP: 35/35 MP: 4/4
  1392 | D:2      | You fall into a shaft and drop 2 floors!
  1484 | D:4      | Noticed an ogre
  1486 | D:4      | Killed an ogre
  1487 | D:4      | Reached XP level 5. HP: 29/41 MP: 5/5
  2224 | D:2      | Identified the +9 short sword of Grandeur {protect, rC+
                  | Will+ Int-3 SInv}
  2289 | D:2      | Found Coexka Ezita's Antique Weapon Shoppe.
  2633 | D:2      | Reached XP level 6. HP: 48/48 MP: 6/6
  2710 | D:2      | Found a runed translucent door.
  2711 | D:2      | Noticed Crazy Yiuf
  2836 | D:2      | Reached skill level 4 in Fighting
  2905 | D:2      | Killed Crazy Yiuf
  2984 | D:3      | Found a transporter.
  2987 | D:3      | Noticed fingers's ghost (weakling OgBe)
  2988 | D:3      | Found a transporter.
  3141 | D:3      | Found a shadowy altar of Dithmenos.
  3141 | D:3      | Found an ancient bone altar of Kikubaaqudgha.
  3141 | D:3      | Found a sparkling altar of Nemelex Xobeh.
  3883 | D:4      | Noticed Ijyb
  3893 | D:4      | Killed Ijyb
  4171 | D:5      | Entered Level 5 of the Dungeon
  4241 | D:5      | Gained mutation: You are partially covered in slimy green
                  | scales. (AC +2) [demonic ancestry]
  4241 | D:5      | Reached XP level 7. HP: 55/55 MP: 7/7
  4445 | D:5      | Identified the +3 quarterstaff of Judorph {flame, rC- rN+
                  | Int+2}
  4775 | D:5      | Reached skill level 5 in Fighting
  5120 | D:6      | Reached skill level 5 in Short Blades
  5288 | D:6      | Noticed Maggie
  5295 | D:6      | Reached skill level 5 in Throwing
  5314 | D:6      | Killed Maggie
  5315 | D:6      | Gained mutation: You sometimes emit foul miasma when
                  | damaged in melee. [demonic ancestry]
  5315 | D:6      | Reached XP level 8. HP: 49/62 MP: 8/13
  5438 | D:6      | Reached skill level 1 in Evocations
  6039 | D:6      | Reached skill level 5 in Evocations
  6058 | D:6      | Found Machih's Elemental Accessories.
  6250 | D:7      | Reached skill level 6 in Fighting
  6250 | D:7      | Reached XP level 9. HP: 58/69 MP: 15/15
  6429 | D:7      | Found a staircase to the Ecumenical Temple.
  6469 | Temple   | Entered the Ecumenical Temple
  6518 | Temple   | Became a worshipper of Ashenzari the Shackled
  6584 | D:7      | Noticed Joseph
  6595 | D:7      | Killed Joseph
  6596 | D:7      | Reached skill level 7 in Fighting
  6776 | D:7      | Reached skill level 8 in Fighting
  7084 | D:8      | Found a staircase to the Lair.
  7352 | D:8      | Found a flagged portal.
  7376 | Bailey   | Entered a bailey
  7559 | Bailey   | Reached skill level 9 in Fighting
  7634 | Bailey   | Noticed an orc knight
  7660 | Bailey   | Killed an orc knight
  7661 | Bailey   | Reached skill level 10 in Fighting
  8036 | Bailey   | Gained mutation: Spells you cast may paralyse adjacent
                  | enemies. [demonic ancestry]
  8036 | Bailey   | Reached XP level 10. HP: 75/85 MP: 16/16
  8210 | Bailey   | Noticed an orc warlord
  8227 | Bailey   | Killed an orc warlord
  8228 | Bailey   | Reached skill level 5 in Dodging
  8681 | D:8      | Found Ecref's Distillery.
  8685 | D:8      | Bought a potion of curing for 45 gold pieces
  8685 | D:8      | Bought a potion of lignification for 45 gold pieces
  9446 | D:9      | Found a staircase to the Orcish Mines.
  9553 | D:9      | Reached skill level 5 in Spellcasting
 10039 | D:9      | Identified the +10 plate armour of the Sturgeon {Int+8}
 10261 | D:9      | Reached skill level 11 in Fighting
 10740 | D:9      | Noticed a manticore
 10740 | D:9      | Noticed a centaur warrior
 10740 | D:9      | Noticed a cyclops
 10740 | D:9      | Noticed a centaur warrior
 10759 | D:9      | HP: 4/89 [centaur warrior/arrow (1)]
 10760 | D:9      | Shot with an arrow by a centaur warrior

Illustrated notes

Levels and vault maps discovered:
D:1:      grunt_arrival_crossed_arrows, layout_basic, basic_ecumenical_altar
D:2:      layout_loops_cross, serial_shops, nicolae_shop_stone,
          hangedman_decor_clover_reticule, nrook_mini_backslash,
          nicolae_concentric_dashed_squares_wild, uniq_jessica,
          uniq_crazy_yiuf_cottage
D:3:      layout_loops_ring, gammafunk_temple_overflow_forgotten,
          gammafunk_ghost_mausoleum
D:4:      layout_basic, minmay_a_box_with_orc_wizards_in_it, uniq_ijyb
D:5:      layout_basic
D:6:      layout_basic, serial_curves, eino_curves_04, eino_curves_02,
          nicolae_elemental_shop, kennysheep_generic_room_11, uniq_maggie
D:7:      nicolae_cairo_tiling, layout_rooms, uniq_joseph
D:8:      layout_cave_pods, lair_entry_dummy, enter_bailey_4, serial_shops,
          nicolae_diamond_shop, chequers_serial_rivers_micro_a
D:9:      minmay_shrinking_squares, layout_cross, david_orc_2
Temple:   hc_temple_tempest_star

Skill      XL: |  1  2  3  4  5  6  7  8  9 10 |
---------------+-------------------------------+-----
Stealth        | 4 |  4.0
Short Blades   | 2 3 4 5 |  5.0
Fighting       | 3 4 5 6 10 11 | 11.6
Throwing       | 2 3 5 |  5.0
Spellcasting   | 3 4 5 |  5.6
Evocations     | 5 |  5.0
Dodging        | 2 5 |  5.0

Action                   |  1- 3 |  4- 6 |  7- 9 | 10-12 || total
-------------------------+-------+-------+-------+-------++-------
Melee: Dagger            |   109 |    36 |       |       ||   145
       Kick              |    29 |    31 |    22 |       ||    82
       Short sword       |       |    96 |   349 |   219 ||   664
       Punch             |       |     2 |     4 |     3 ||     9
Throw: Dart              |       |    14 |    11 |     4 ||    29
Invok: Curse Item        |       |       |       |     1 ||     1
Evoke: Wand              |       |       |     2 |     1 ||     3
  Use: Potion            |       |       |       |     2 ||     2
       Scroll            |       |       |       |     1 ||     1
 Stab: Sleeping          |     6 |     9 |     4 |       ||    19
       Distracted        |       |       |     1 |       ||     1
Armor: Robe              |    32 |    32 |    26 |       ||    90
       Steam dragon scal |       |       |    89 |    68 ||   157
Dodge: Dodged            |    79 |    48 |   252 |   212 ||   591
Block: Other             |       |       |       |    56 ||    56

Table legend: (Time is in decaauts)
 A = Elapsed time spent in this place.
 B = Non-inter-level travel time spent in this place.
 C = Inter-level travel time spent in this place.
 D = Time resting spent in this place.
 E = Time spent auto-exploring this place.
 F = Levels seen in this place.
 G = Mean time per level.
                   A        B        C        D        E       F      G
               +--------+--------+--------+--------+--------+-----+--------+
         Total |  10647 |  10314 |    333 |   2193 |   6161 |  11 |  967.9 |
       Dungeon |   9453 |   9141 |    312 |   1816 |   5686 |   9 | 1050.3 |
        Temple |     70 |     50 |     20 |      0 |     35 |   1 |   70.0 |
        Bailey |   1123 |   1123 |      0 |    377 |    440 |   1 | 1123.0 |
               +--------+--------+--------+--------+--------+-----+--------+

Top non-repeatable levels by time:
     D:1: 1567 daAuts
     D:8: 1549 daAuts
     D:9: 1135 daAuts
  Bailey: 1123 daAuts
     D:2: 1045 daAuts
     D:6: 1027 daAuts
     D:5: 928 daAuts
     D:4: 842 daAuts
     D:3: 684 daAuts
     D:7: 671 daAuts
  Temple: 70 daAuts
